Workbook

Sheet INDICES 
A1: PADRÕES DE COEFICIENTES E INDÍCES
A3: OLEO DIESEL:
B4: INFERIOR | C4: SUPERIOR | D4: ADOTADO
A5: LEVE | B5: 0.35 | C5: 0.39 | D5: 0.35
A6: PESADO | B6: 0.45 | C6: 0.5
A7: ESPECIAL | B7: 0.53 | C7: 0.65
A9: LUBRIFICANTES:
B10: INFERIOR | C10: SUPERIOR | D10: ADOTADO
B11: 0.04 | C11: 0.06 | D11: 0.04
A13: PNEU:
B14: INFERIOR | C14: SUPERIOR | D14: ADOTADO
A15: MODELO DIAGONAL | B15: 70000 | C15: 92000
A16: MODELO RADIAL | B16: 85000 | C16: 125000 | D16: 85000
A18: RECAPAGEM (Qtde prevista):
B19: INFERIOR | C19: SUPERIOR | D19: ADOTADO
A20: MODELO DIAGONAL | B20: 2.5 | C20: 3.5
A21: MODELO RADIAL | B21: 2 | C21: 3 | D21: 2
A23: PEÇAS E ACESSÓRIOS:
B24: INFERIOR | C24: SUPERIOR | D24: ADOTADO
B25: 0.0033 | C25: 0.0083 | D25: 0.0033
A27: MÃO-DE-OBRA:
B28: INFERIOR | C28: SUPERIOR | D28: ADOTADO
A29: MOTORISTA | B29: 2.2 | C29: 2.8 | D29: 2.2
A30: COBRADOR | B30: 2.2 | C30: 2.8 | D30: 2.2
A31: FISCAL | B31: 0.2 | C31: 0.5 | D31: 0.2
A32: BENEFÍCIOS - (Básico)
A33: BENEFÍCIOS - (Micro/Mini)
A34: ADMINISTRATIVO | B34: 0.08 | C34: 0.13 | D34: 0.08
A35: MANUTENÇÃO | B35: 0.12 | C35: 0.15 | D35: 0.12
A37: DESPESAS GERAIS
B38: INFERIOR | C38: SUPERIOR | D38: ADOTADO
A39: Despesas Gerais | B39: 0.0017 | C39: 0.0033 | D39: 0.0017

Sheet COMPOSIÇÃO TOTAL
A1: PREFEITURA MUNICIPAL DE SANTA RITA DO SAPUCAI/MG
A3: PLANILHA ESTIMADA DE CUSTOS
A6: 1 | B6: CUSTOS VARIÁVEIS:
B8: 1.1 | C8: Combustivel Óleo Diesel
G9: Coef. Consumo | I9: Preço óleo diesel | L9: Valor (R$ / km)
I10: + Frete
B11: 1.1.1 | C11: Microônibus | G11: ='INDICES '!B5 -> 0.35 | H11: (l/km) x | I11: 4.9 | J11: R$/l | K11: = | L11: =+G11*I11 -> 1.715
B13: 1.1.2 | C13: Miniônibus | G13: 0 | H13: (l/km) x | I13: 0 | J13: R$/l | K13: = | L13: =+G13*I13 -> 0
B15: 1.1.3 | C15: Ônibus Básico | G15: =+'INDICES '!D5 -> 0.35 | H15: (l/km) x | I15: =I11 -> 4.9 | J15: R$/l | K15: = | L15: =+G15*I15 -> 1.715
B17: 1.1.4 | C17: Ponderado (pela Frota) | L17: =+(L11*G249+L13*G250+L15*G251)/G253 -> 1.715
G19: Coef. Consumo | I19: Preço óleo diesel | L19: Valor (R$ / km)
I20: + Frete
B21: 1.2 | C21: Lubrificantes - (c/Frete) | G21: =+'INDICES '!D11 -> 0.04 | H21: (l/km) x | I21: 4.9 | J21: R$/l | K21: = | L21: =+G21*I21 -> 0.196 | M21: (1.2.7)
B23: 1.3 | C23: Rodagem
C25: 1.3.1 - Minicroônibus | G25: Quantidade | I25: Preço | L25: Valor (R$)
C27: Pneus - (Radial 215/75) | G27: 1 x 6 x | I27: 2477.51 | K27: = | L27: =+I27*R27*S27 -> 14865.06 | R27: 1 | S27: 6
C29: Recapagens | G29: 2 x 6 x | I29: 529 | K29: = | L29: =+I29*R29*S29 -> 6348 | R29: 2 | S29: 6
C31: Câmaras | G31: 2 x 6 x | I31: 0 | K31: = | L31: =+I31*R31*S31 -> 0 | R31: 2 | S31: 6
C33: Protetores | G33: 2 x 6 x | I33: 0 | K33: = | L33: =+I33*R33*S33 -> 0 | R33: 2 | S33: 6
C35: Total Microônibus | L35: =+L27+L29+L31+L33 -> 21213.06 | M35: (1.3.1)
C37: 1.3.2 - Miniônibus | G37: Quantidade | I37: Preço | L37: Valor (R$)
C39: Pneus - (Radial 215/75) | G39: 1 x 6 x | I39: 0 | K39: = | L39: =+I39*R39*S39 -> 0 | R39: 1 | S39: 6
C41: Recapagens | G41: 2 x 6 x | I41: 0 | K41: = | L41: =+I41*R41*S41 -> 0 | R41: 2 | S41: 6
C43: Câmaras | G43: 2 x 6 x | I43: 0 | K43: = | L43: =+I43*R43*S43 -> 0 | R43: 2 | S43: 6
C45: Protetores | G45: 2 x 6 x | I45: 0 | K45: = | L45: =+I45*R45*S45 -> 0 | R45: 2 | S45: 6
C47: Total Miniônibus | L47: =+L39+L41+L43+L45 -> 0 | M47: (1.3.2)
C49: 1.3.3 - Ônibus Básicos | G49: Quantidade | I49: Preço | L49: Valor (R$)
C51: Pneus - (Radial 275/80) | G51: 1 x 6 x | I51: 2477.51 | K51: = | L51: =+I51*R51*S51 -> 14865.06 | R51: 1 | S51: 6
C53: Recapagens | G53: 2 x 6 x | I53: 529 | K53: = | L53: =+I53*R53*S53 -> 6348 | R53: 2 | S53: 6
C55: Câmaras | G55: 2 x 6 x | I55: 0 | K55: = | L55: =+I55*R55*S55 -> 0 | R55: 2 | S55: 6
C57: Protetores | G57: 2 x 6 x | I57: 0 | K57: = | L57: =+I57*R57*S57 -> 0 | R57: 2 | S57: 6
C59: Total Ônibus Básicos | L59: =+L51+L53+L55+L57 -> 21213.06 | M59: (1.3.3)
C61: 1.3.4 - Custo Total com Rodagem Ponderado pela Frota - (Média Ponderada: 1.3.1 + 1.3.2 + 1.3.3) / (Frota Total) | L61: =+(L35*G249+L47*G250+L59*G251)/G253 -> 21213.06
C63: 1.3.5 - Vida Útil (km) | L63: =+'INDICES '!D16 -> 85000
C65: 1.3.6 - R$ / km relativos a Rodagem (1.3.4 / 1.3.5) | L65: =+L61/L63 -> 0.24956541
B67: 1.4 | C67: Peças e Acessórios
C69: Coef. Consumo | E69: Preço Médio Ponderado Veículo Novo sem rodagem | I69: PMM (PERCURSO MEDIO MENSAL) | L69: Valor (R$ / km)
C71: =+'INDICES '!D25 -> 0.0033 | D71: x | F71: =+((G249*L147+G250*L181+G251*L215))/G253 -> 641449.96 | G71: / | I71: =+D347 -> 3698.9875 | K71: = | L71: =+(C71*F71)/I71 -> 0.57226062
B73: 1.5 | C73: Distribuição dos Custos Variáveis
B75: 1.5.1 | C75: Óleo Diesel (1.1.4) | L75: =+L17 -> 1.715
B77: 1.5.2 | C77: Lubrificantes (1.2.7) | L77: =+L21 -> 0.196
B79: 1.5.3 | C79: Rodagem (1.3.6) | L79: =+L65 -> 0.24956541
B81: 1.5.4 | C81: Peças e Acessórios (1.4) | L81: =+L71 -> 0.57226062
B83: 1.5.5 | C83: Total (1.5.1 + 1.5.2 + 1.5.3 + 1.5.4) | L83: =+L75+L77+L79+L81 -> 2.732826 | M83: (1.5.5)
A85: 2 | B85: CUSTOS FIXOS:
B87: 2.1 | C87: Despesas com Pessoal | E87: Salários | G87: FU (Ônibus Básico e Mini) | I87: Encargo Social | L87: R$ / Veic / Mês
H88: QTDE
C89: Motoristas Ônibus Básico e Mini | E89: =2500*1.08 -> 2700 | F89: x | G89: =+'INDICES '!D29 -> 2.2 | H89: =+G89*H115 -> 11 | I89: 1.3705 | K89: = | L89: =+E89*G89*I89 -> 8140.77
C91: Cobradores | E91: =+'[1]DADOS DE ENTRADA'!D56 -> 0 | F91: x | G91: 0 | I91: 0 | K91: = | L91: =+E91*G91*I91 -> 0
C93: Fiscais | E93: =1.08*1899.52 -> 2051.4816 | F93: x | G93: =+'INDICES '!D31 -> 0.2 | H93: =+G93*H115 -> 1 | I93: 1.3705 | K93: = | L93: =+E93*G93*I93 -> 562.31111
C95: Benefícios | E95: =1.08*659.41 -> 712.1628 | F95: x | G95: =+G89+G93 -> 2.4 | K95: = | L95: =+E95*G95 -> 1709.1907
C97: Sub Total 1 (2.1.1) | L97: =+L89+L91+L93+L95 -> 10412.272
E99: Salários | G99: FU (Micro) | I99: Encargo Social | L99: R$ / Veic / Mês
C101: Motoristas Micro | E101: 2700 | F101: x | G101: =+'INDICES '!D29 -> 2.2 | H101: =+G101*H117 -> 6.6 | I101: 1.3705 | K101: = | L101: =+E101*G101*I101 -> 8140.77
C103: Cobradores | E103: 0 | F103: x | G103: 0 | I103: 0 | K103: = | L103: =+E103*G103*I103 -> 0
C105: Fiscais | E105: 2051.4816 | F105: x | G105: =+'INDICES '!D31 -> 0.2 | H105: =+G105*H117 -> 0.6 | I105: 1.3705 | K105: = | L105: =+E105*G105*I105 -> 562.31111
C107: Benefícios | E107: 712.1628 | F107: x | G107: =+G101+G105 -> 2.4 | K107: = | L107: =+E107*G107 -> 1709.1907
C109: Sub Total 2 (2.1.2) | L109: =+L101+L103+L105+L107 -> 10412.272
C111: Cálculo do Vr.Ponderado
C113: Tipo de Veículo | F113: Custo com Pessoal | H113: Frota Operacional | L113: R$ / Mês
C115: Ônibus Básico + Mini | F115: =+L97 -> 10412.272 | G115: (2.1.1) x | H115: =+E339+F339 -> 5 | K115: = | L115: =+(F115*H115) -> 52061.359
C117: Micro | F117: =L109 -> 10412.272 | G117: (2.1.2) x | H117: =+D339 -> 3 | K117: = | L117: =+(F117*H117) -> 31236.815
C119: Total (2.1.1 + 2.1.2) | H119: =+H115+H117 -> 8 | I119: (2.1.3) | L119: =SUM(L111:L117) -> 83298.175 | M119: (2.1.4)
C121: Custo de Pessoal (2.1.4 / 2.1.3) Ponderado | K121: = | L121: =(+H115*F115+H117*F117)/H119 -> 10412.272 | M121: (2.1.5) | N121: =+L121*L339/D346 -> 2.8148978
G123: Coeficiente | I123: Custo de Pessoal | L123: R$ / Veic / Mês
H124: QTDE
C125: Pessoal Administrativo (2.1.6) | G125: =+'INDICES '!D34 -> 0.08 | H125: =+G125*(H89+H93+H101+H105) -> 1.536 | I125: =+L121 -> 10412.272 | J125: (2.1.5) | K125: = | L125: =+I125*G125 -> 832.98175
C127: Pessoal de Manutenção (2.1.7) | G127: =+'INDICES '!D35 -> 0.12 | H127: =+G127*(H89+H93+H101+H105) -> 2.304 | I127: =+L121 -> 10412.272 | J127: (2.1.5) | K127: = | L127: =+I127*G127 -> 1249.4726
C129: Pró-labore da Diretoria (2.1.8) | L129: =0.5*1320 -> 660
C131: Total (2.1.5 + 2.1.6 + 2.1.7 + 2.1.8) | K131: (2.1.9) | L131: =+L121+L125+L127+L129 -> 13154.726
B133: 2.2 | C133: Depreciação e Remuneração do Capital de Veículos
C135: Vida Útil
C137: Micoônibus | E137: 10 | F137: anos | G137: Valor Residual | H137: 0.2 | I137: ao final da vida útil
C139: Miniônibus | E139: 10 | F139: anos | G139: Valor Residual | H139: 0.2 | I139: ao final da vida útil
C141: Ônibus Básico | E141: 10 | F141: anos | G141: Valor Residual | H141: 0.2 | I141: ao final da vida útil
C143: Taxa Anual | H143: 0.2 | I143: ao ano
C145: 2.2.1 - Depreciação e Remuneração de Microônibus - MODELO LO-916/48
C147: Preço Veículo Novo com pneus | E147: 557665.06 | J147: Preço Veículo Novo sem pneus | L147: =E147-(I27*6) -> 542800
B149: Faixa de Idade | C149: Quantidade | D149: Participação | E149: Depreciação | H149: Remuneração | L149: Total R$/veíc. Mês
E150: Taxa | F150: Coef. | G150: R$/veíc./mês | H150: Coef./Veíc. | I150: Coef. / Frota | J150: R$/veíc./mês
B151: (Res.4770
B152: ANTT) | C152: 1 | D152: 3 | E152: 4 | F152: 5 | G152: 6 | H152: 7 | I152: 8 | J152: 9 | L152: 10
B153: 0 - 1 | C153: 0 | D153: =IF(C153=0,0,(C153/$C$164)) -> 0 | E153: 0.2 | F153: =+D153*E153 -> 0 | G153: =+(F153*$L$147)/12 -> 0 | H153: 0.2 | I153: =+H153*D153 -> 0 | J153: =+I153*$E$147 -> 0 | L153: =IF(J153="","",J153*((1+$H$143)^0.0833-1)) -> 0
B154: 1 - 2 | C154: 0 | D154: =IF(C154=0,0,(C154/$C$164)) -> 0 | E154: 0.171429 | F154: =+D154*E154 -> 0 | G154: =+(F154*$L$147)/12 -> 0 | H154: 0.371429 | I154: =+H154*D154 -> 0 | J154: =+I154*$E$147 -> 0 | L154: =IF(J154="","",J154*((1+$H$143)^0.0833-1)) -> 0
B155: 2 - 3 | C155: 0 | D155: =IF(C155=0,0,(C155/$C$164)) -> 0 | E155: 0.142857 | F155: =+D155*E155 -> 0 | G155: =+(F155*$L$147)/12 -> 0 | H155: 0.514286 | I155: =+H155*D155 -> 0 | J155: =+I155*$E$147 -> 0 | L155: =IF(J155="","",J155*((1+$H$143)^0.0833-1)) -> 0
B156: 3 - 4 | C156: 0 | D156: =IF(C156=0,0,(C156/$C$164)) -> 0 | E156: 0.1142886 | F156: =+D156*E156 -> 0 | G156: =+(F156*$L$147)/12 -> 0 | H156: 0.628571 | I156: =+H156*D156 -> 0 | J156: =+I156*$E$147 -> 0 | L156: =IF(J156="","",J156*((1+$H$143)^0.0833-1)) -> 0
B157: 4 - 5 | C157: 3 | D157: =IF(C157=0,0,(C157/$C$164)) -> 1 | E157: 0.085714 | F157: =+D157*E157 -> 0.085714 | G157: =+(F157*$L$147)/12 -> 3877.1299 | H157: 0.714286 | I157: =+H157*D157 -> 0.714286 | J157: =+I157*$E$147 -> 398332.35 | L157: =IF(J157="","",J157*((1+$H$143)^0.0833-1)) -> 6095.7994
B158: 5 - 6 | C158: 0 | D158: =IF(C158=0,0,(C158/$C$164)) -> 0 | E158: 0.057143 | F158: =+D158*E158 -> 0 | G158: =+(F158*$L$147)/12 -> 0 | H158: 0.771429 | I158: =+H158*D158 -> 0 | J158: =+I158*$E$147 -> 0 | L158: =IF(J158="","",J158*((1+$H$143)^0.0833-1)) -> 0
B159: 6 - 7 | C159: 0 | D159: =IF(C159=0,0,(C159/$C$164)) -> 0 | E159: 0.028571 | F159: =+D159*E159 -> 0 | G159: =+(F159*$L$147)/12 -> 0 | H159: 0.8 | I159: =+H159*D159 -> 0 | J159: =+I159*$E$147 -> 0 | L159: =IF(J159="","",J159*((1+$H$143)^0.0833-1)) -> 0
B160: 7 - 8 | C160: 0 | D160: =IF(C160=0,0,(C160/$C$164)) -> 0 | E160: 0 | F160: =+D160*E160 -> 0 | G160: =+(F160*$L$147)/12 -> 0 | H160: 0.8 | I160: =+H160*D160 -> 0 | J160: =+I160*$E$147 -> 0 | L160: =IF(J160="","",J160*((1+$H$143)^0.0833-1)) -> 0
B161: 8 - 9 | C161: 0 | D161: =IF(C161=0,0,(C161/$C$164)) -> 0 | E161: 0 | F161: =+D161*E161 -> 0 | G161: =+(F161*$L$147)/12 -> 0 | H161: 0.8 | I161: =+H161*D161 -> 0 | J161: =+I161*$E$147 -> 0 | L161: =IF(J161="","",J161*((1+$H$143)^0.0833-1)) -> 0
B162: 9 - 10 | C162: 0 | D162: =IF(C162=0,0,(C162/$C$164)) -> 0 | E162: 0 | F162: =+D162*E162 -> 0 | G162: =+(F162*$L$147)/12 -> 0 | H162: 0.8 | I162: =+H162*D162 -> 0 | J162: =+I162*$E$147 -> 0 | L162: =IF(J162="","",J162*((1+$H$143)^0.0833-1)) -> 0
B163: 10 - + | C163: 0 | D163: =IF(C163=0,0,(C163/$C$164)) -> 0 | E163: 0 | F163: =+D163*E163 -> 0 | G163: =+(F163*$L$147)/12 -> 0 | H163: 0.8 | I163: =+H163*D163 -> 0 | J163: =+I163*$E$147 -> 0 | L163: =IF(J163="","",J163*((1+$H$143)^0.0833-1)) -> 0
B164: Total | C164: =SUM(C153:C163) -> 3 | D164: =SUM(D153:D163) -> 1 | E164: =SUM(E153:E163) -> 0.8000026 | F164: =SUM(F153:F163) -> 0.085714 | G164: =SUM(G153:G163) -> 3877.1299 | L164: =SUM(L153:L163) -> 6095.7994
B166: 1 = Quantidade de veículos Microônibus
B167: 2 = Total da coluna 1
B168: 3 = 1 / 2
B169: 5 = 3 x 4
B170: 6 = (5 x Preço do veículo novo sem pneu) / 12
B171: 8 = 7 x 3
...

Sheet ORIGEM DE PREÇOS
A1: ORIGEM DE PREÇOS - PLANILHA ESTIMADA DE CUSTOS
A3: 1. CUSTOS VARIÁVEIS
A5: 1.1 Combustível Óleo Diesel
A6: Considera-se o valor de R$4,90 por litro, com base em valor referencial informado pela PETROBRAS (ref. Minas Gerais, período de coleta de 02/07/2023 a 08/07/2023).
A7: 1.2 Lubrificantes (c/frete)
A8: Este custo é baseado no preço do combustível.
A9: 1.3 Rodagem
A10: 1.3.1 Microônibus
A11: Considera-se o valor unitário de R$2.477,51 para o pneu tipo radial 215/75 e R$529,00 a recapagem, vida útil 85.000 km.
A13: 1.3.2 Ônibus básico
A14: Considera-se o valor unitário de R$2.477,51 para o pneu tipo radial 275/75 e R$529,00 a recapagem, vida útil 85.000 km.
A15: 1.4 Peças e Acessórios
... A41: Não há incidência na composição de custo estimada, devendo a gestão contratual deliberar e incidir durante a vigência contratual, se for o caso.
